 Dungeon Crawl Stone Soup version 0.27.1-37-g7b29ead8ac (webtiles) character file.

Game seed: 2379080310351079332

82894 AarnesTheHuman the Peltast (level 16, -1/127 HPs)
             Began as a Formicid Fighter on June 2, 2023.
             Was the Champion of Yredelemnul.
             Shot with an arrow by Nessos (17 damage)
             ... on level 14 of the Dungeon on June 5, 2023.
             The game lasted 00:56:49 (29932 turns).

AarnesTheHuman the Peltast (Formicid Fighter)      Turns: 29932, Time: 00:56:49

Health: -1/127     AC: 23    Str: 31    XL:     16   Next: 22%
Magic:  26/26      EV:  8    Int: 15    God:    Yredelemnul [******]
Gold:   951        SH: 21    Dex:  6    Spells: 15/15 levels left

rFire    + . .     SeeInvis +   a - +6 battleaxe of the Final Decision {flame, rPois rN+ Str+6}
rCold    + . .     Faith    +   O - +0 tower shield
rNeg     + + .     Spirit   .   g - +2 plate armour {Will+}
rPois    +         Reflect  .   (helmet unavailable)
rElec    +         Harm     .   A - +0 cloak
rCorr    +         Rampage  .   h - +2 pair of gloves of the Pits of Slime {Regen+ Dex-5 SInv}
Will     ++...                  E - +1 pair of boots of Qyam {rC+ Str-3 Int+4}
Stlth    ..........             R - amulet of faith
HPRegen  1.31/turn              X - ring of Zubbat {rN+ Will++ rCorr Slay+2}
MPRegen  0.20/turn              V - ring "Voepp" {rElec rF+ Str+4 SInv}

@: weak-willed, wreathed by umbra, studying Staves
A: permanent stasis, dig shafts and tunnels, antennae 3, four strong arms
a: Dig, Shaft Self, Renounce Religion, Recall Undead Slaves, Injury Mirror,
Animate Dead, Drain Life, Enslave Soul


You were on level 14 of the Dungeon.
You worshipped Yredelemnul.
Yredelemnul was exalted by your worship.
You visited 4 branches of the dungeon, and saw 23 of its levels.
You visited 1 bazaar.
You also visited: Ice Cave.

You collected 2584 gold pieces.
You spent 1633 gold pieces at shops.

Inventory:

Hand Weapons
 a - the +6 battleaxe of the Final Decision (weapon) {flame, rPois rN+ Str+6}
   (You took it off an orc on level 7 of the Dungeon)

   It burns those it strikes, dealing additional fire damage.
   Big, fiery blades are also staple armaments of hydra-hunters.
   Str:       It affects your strength (+6).
   rPois:     It protects you from poison.
   rN:        It protects you from negative energy.
 b - a +6 hunting sling of flaming
Missiles
 l - a throwing net
 s - 71 poisoned darts
 y - 148 sling bullets
Armour
 g - a +2 plate armour of willpower (worn)
 h - the +2 pair of gloves of the Pits of Slime (worn) {Regen+ Dex-5 SInv}
   (You found it in an ice cave)

   Dex:       It affects your dexterity (-5).
   SInv:      It lets you see invisible.
   Regen:     It increases your rate of health regeneration.
 t - a +1 scale mail of willpower
 A - a +0 cloak (worn)
 E - the +1 pair of boots of Qyam (worn) {rC+ Str-3 Int+4}
   (You found it on level 7 of the Dungeon)

   Str:       It affects your strength (-3).
   Int:       It affects your intelligence (+4).
   rC:        It protects you from cold.
 O - a +0 tower shield (worn)
Jewellery
 j - a +4 ring of protection
 o - the ring "Optiramm" {Fly Str+7 Slay-3 SInv}
   (You found it on level 6 of the Lair of Beasts)

   [ring of flight]

   Str:       It affects your strength (+7).
   Slay:      It affects your accuracy & damage with ranged weapons and melee
   (-3).
   SInv:      It lets you see invisible.
   Fly:       It grants you flight.
 H - a ring of poison resistance
 R - an amulet of faith (around neck)
 T - an amulet of reflection
 V - the ring "Voepp" (right hand) {rElec rF+ Str+4 SInv}
   (You bought it in a shop in a bazaar)

   [ring of see invisible]

   Str:       It affects your strength (+4).
   rF:        It protects you from fire.
   rElec:     It insulates you from electricity.
   SInv:      It lets you see invisible.
 X - the ring of Zubbat (left hand) {rN+ Will++ rCorr Slay+2}
   (You bought it in a shop in a bazaar)

   [ring of resist corrosion]

   Slay:      It affects your accuracy & damage with ranged weapons and melee
   (+2).
   rN:        It protects you from negative energy.
   rCorr:     It protects you from acid and corrosion.
   Will:      It greatly increases your willpower.
Wands
 c - a wand of charming (11)
 x - a wand of paralysis (2)
 B - a wand of digging (15)
 L - a wand of iceblast (9)
 P - a wand of flame (76)
 Y - a wand of acid (10)
Scrolls
 p - a scroll of acquirement
 r - 2 scrolls of enchant weapon
 u - a scroll of magic mapping
 v - 3 scrolls of immolation
 D - 2 scrolls of vulnerability
 I - 8 scrolls of identify
 J - 3 scrolls of fog
 K - 3 scrolls of silence
 N - a scroll of fear
 Z - a scroll of brand weapon
Potions
 d - 6 potions of might
 e - 4 potions of flight
 f - a potion of invisibility
 i - 4 potions of attraction
 m - a potion of ambrosia
 q - 8 potions of curing
 z - 3 potions of magic
 C - a potion of resistance
 G - 2 potions of brilliance
 Q - 3 potions of mutation
 S - 2 potions of heal wounds
 U - 2 potions of cancellation
Miscellaneous
 F - a condenser vane
 W - a tin of tremorstones (2/2)


   Skills:
 + Level 12.2 Fighting
 - Level 14.0 Axes
 - Level 10.0 Staves
 - Level 10.0 Armour
 - Level 2.9 Stealth
 - Level 15.0 Shields
 + Level 14.6 Invocations


You had 15 spell levels left.
You didn't know any spells.
Your spell library contained the following spells:

 Spells                   Type           Power      Damage    Failure   Level
 Apportation              Tloc           0%         N/A       88%         1
 Sandblast                Erth           0%         2d4       88%         1
 Ensorcelled Hibernation  Hex/Ice        0%         N/A       95%         2
 Passwall                 Tmut/Erth      0%         N/A       95%         2
 Slow                     Hex            0%         N/A       95%         2
 Static Discharge         Conj/Air       0%         N/A       95%         2
 Call Canine Familiar     Summ           0%         N/A       99%         3
 Confusing Touch          Hex            0%         N/A       99%         3
 Gell's Gravitas          Tloc           0%         N/A       99%         3
 Lesser Beckoning         Tloc           0%         N/A       99%         3
 Portal Projectile        Hex/Tloc       0%         N/A       99%         3
 Spider Form              Tmut/Pois      0%         N/A       99%         3
 Teleport Other           Tloc           0%         N/A       99%         3
 Animate Dead             Necr           0%         N/A       100%        4
 Leda's Liquefaction      Hex/Erth       0%         N/A       100%        4
 Olgreb's Toxic Radiance  Pois           0%         N/A       100%        4
 Summon Ice Beast         Ice/Summ       0%         N/A       100%        4
 Alistair's Intoxication  Tmut/Pois      0%         N/A       100%        5
 Borgnjor's Vile Clutch   Necr/Erth      0%         N/A       100%        5
 Fireball                 Conj/Fire      0%         3d3       100%        5
 Freezing Cloud           Conj/Ice/Air   0%         6-21      100%        5
 Iskenderun's Battlesphe  Conj           0%         2d6       100%        5
 Lee's Rapid Deconstruct  Erth           0%         3d5*      100%        5
 Lightning Bolt           Conj/Air       0%         1d11      100%        5
 Summon Forest            Summ/Tloc      0%         N/A       100%        5
 Summon Mana Viper        Hex/Summ       0%         N/A       100%        5
 Yara's Violent Unravell  Hex/Tmut       0%         3d3       100%        5
 Conjure Ball Lightning   Conj/Air       0%         3x3d6     100%        6
 Death Channel            Necr           0%         N/A       100%        6
 Eringya's Noxious Bog    Tmut/Pois      0%         N/A       100%        6
 Shadow Creatures         Summ           N/A        N/A       100%        6
 Simulacrum               Ice/Necr       0%         N/A       100%        6
 Malign Gateway           Summ/Tloc      0%         N/A       100%        7
 Monstrous Menagerie      Summ           0%         N/A       100%        7
 Orb of Destruction       Conj           0%         N/A       100%        7
 Ozocubu's Refrigeration  Ice            0%         4d5       100%        7
 Ignition                 Fire           0%         3d3       100%        8
 Maxwell's Capacitive Co  Air            0%         ∞         100%        8
 Polar Vortex             Ice            0%         N/A       100%        9


Dungeon Overview and Level Annotations

Branches:
Dungeon (14/15)            Temple (1/1) D:6            Lair (6/6) D:8
 Shoals (0/4) Lair:3        Snake (0/4) Lair:2        Slime (0/5) Lair:6
    Orc (2/2) D:10            Elf (0/3) Orc:2        Vaults (0/5) D:14
  IceCv (visited)

Altars:
Ashenzari
Cheibriados
Dithmenos
Elyvilon
Fedhas
Gozag
Hepliaklqana
Kikubaaqudgha
Makhleb
Nemelex Xobeh
Okawaru
Qazlal
Ru
Sif Muna
Trog
Uskayaw
Vehumet
Wu Jian
Xom
Yredelemnul
Zin
The Shining One
Beogh
Jiyva

Shops:
Orc:2 =[?!

Annotations:
D:5 exclusion: downstairs
D:8 exclusion: downstairs
D:9 1 runed translucent door, TheNamelessOne's ghost, novice OpWn
D:10 exclusion: downstairs
D:14 Nessos
Lair:2 exclusion: downstairs
Lair:3 exclusion: downstairs
Lair:5 exclusion: 2 oklob plants
Lair:6 1 runed translucent door


Innate Abilities, Weirdness & Mutations

You cannot be hasted, slowed, berserked, paralysed or teleported.
You can dig through walls and to a lower floor.
You have a pair of large antennae on your head. (SInv)
Your four strong arms can wield two-handed weapons with a shield.


Message History

Your ghoul closely misses the cyan ugly thing.
Your ghoul barely misses the cyan ugly thing.
Something bites the cyan ugly thing.
Something claws the cyan ugly thing!
The cyan ugly thing dies!
Yredelemnul accepts your kill.
You block the phantasmal warrior's attack.
Your flayed ghost misses the phantasmal warrior.
There are monsters nearby!
Nessos shoots an arrow.
The arrow closely misses your flying skull.
The arrow hits the phantasmal warrior!!
The arrow burns the phantasmal warrior.
You block the phantasmal warrior's attack.
Nessos blinks!
Your flying skull hits the phantasmal warrior but does no damage.
The phantasmal warrior hits you!
* * * LOW HITPOINT WARNING * * *
Your flying skull hits the phantasmal warrior.
Your profane servitor hits the phantasmal warrior with a +1 whip of freezing! x2
Your profane servitor freezes the phantasmal warrior.
The phantasmal warrior is destroyed!
Yredelemnul accepts your kill.
Nessos shoots an arrow.
The arrow barely misses you.
You swap places.
Nessos shoots an arrow.
The arrow closely misses your profane servitor.
The arrow hits you!
* * * LOW HITPOINT WARNING * * *
The arrow burns you.
* * * LOW HITPOINT WARNING * * *
Nessos shoots an arrow.
The arrow closely misses your profane servitor.
The arrow barely misses you. The arrow hits your bone dragon!
Okay, then.
Unknown command.
Unknown command.
You swap places.
Nessos shoots an arrow.
The arrow hits your profane servitor! The arrow burns your profane servitor.
Nessos shoots an arrow.
The arrow barely misses your bone dragon.
The arrow hits you!
You die...
Your body rises from the dead as a mindless zombie.

#.......##...... .$.##
#.......##...... .......
#.......##...... .......
#.....c.##...... .......
#.......##...[..
.....?###...............
#....)##...........###.
#∩...Vn#...........# .
#.###†.)@DA..........#
.....†)Vnz...........#
#.#.#....W........P..#
..........####......#
....#.....?# #......#
... #......# #....P.# ..
#......# #.!....# .
#......# ..... #......#


You could see Nessos (fast, ally target), a friendly bone dragon, a friendly
profane servitor, 2 friendly ghouls, a friendly vampire knight (fast,
invisible), a friendly flayed ghost, a friendly vampire and a friendly flying
skull.

Vanquished Creatures
  A ghoul (D:14)
  4 slime creatures
  Snorg (D:12)
  Erolcha (D:9)
  2 boulder beetles
  2 catoblepae (Lair:6)
  6 hydras
  Fannar (D:10)
  A centaur warrior (D:12)
  An ogre mage (Orc:2)
  A two-headed ogre (D:14)
  9 death yaks (Lair:6)
  Nergalle (D:10)
  An ugly thing (D:7)
  A deep elf pyromancer (D:13)
  3 cyclopes
  4 orc sorcerers (Orc:2)
  4 manticores
  8 elephants
  A guardian serpent (Lair:2)
  An ice statue (IceCv)
  4 black mambas
  14 cane toads
  4 centaur zombies
  2 unseen horrors
  3 rime drakes
  8 komodo dragons
  Maggie (D:9)
  2 kobold demonologists (D:10)
  A freezing wraith (D:14)
  An anaconda simulacrum (IceCv)
  2 entropy weaver simulacra (IceCv)
  A polar bear (Lair:4)
  A wind drake (Lair:3)
  Grinder (D:4)
  2 trolls
  A hornet (D:7)
  13 blink frogs
  4 dream sheep (Lair:6)
  3 wraiths
  A spriggan (D:13)
  4 shadows
  A vampire (D:10)
  2 wyverns
  51 yaks
  4 basilisks
  Grum (D:11)
  A vampire mosquito (D:7)
  A steam dragon (D:8)
  2 wargs (Orc:2)
  2 harpy simulacra (IceCv)
  Edmund (D:4)
  An acid dragon (D:8)
  Duvessa (D:6)
  10 water moccasins
  5 black bears
  3 ice beasts
  A hornet zombie (D:7)
  7 orc warriors
  8 wolves
  2 necrophages
  14 ogres
  5 centaurs
  3 phantoms (D:4)
  2 kobold brigands (D:7)
  10 bullfrogs
  Dowan (D:6)
  4 two-headed ogre simulacra (IceCv)
  A cane toad simulacrum (IceCv)
  5 scorpions
  2 wyvern skeletons
  4 killer bees
  7 wights
  4 howler monkeys
  A bullfrog zombie (D:6)
  3 hounds
  9 orc priests
  A centaur skeleton (D:6)
  A gnoll shaman (D:6)
  A jelly (D:4)
  3 bullfrog skeletons
  3 iguanas
  5 hell rats (Lair:5)
  22 orc wizards
  A polar bear simulacrum (IceCv)
  3 spriggan simulacra (IceCv)
  6 troll simulacra (IceCv)
  A killer bee zombie (D:8)
  2 wolf simulacra (IceCv)
  A hound skeleton (D:5)
  3 howler monkey zombies
  14 gnolls
  15 adders
  6 naga simulacra (IceCv)
  2 shadow imps
  9 white imps
  8 ufetubi
  2 adder skeletons
  A worm (D:2)
  2 dart slugs
  48 orcs
  5 ball pythons
  2 bats
  3 endoplasms (D:1)
  2 giant cockroaches (D:3)
  4 goblins
  15 hobgoblins
  8 jackals
  4 quokkas
  6 frilled lizards
  3 kobolds
  7 rats
525 creatures vanquished.

Vanquished Creatures (collateral kills)
  Saint Roka (Orc:2)
  A fire dragon (D:14)
  A rakshasa (D:13)
  2 ogre magi
  A hydra (Lair:6)
  A catoblepas (Lair:6)
  2 two-headed ogres
  A death knight (D:14)
  A tengu warrior (D:14)
  An orc high priest (Orc:2)
  Urug (Lair:2)
  A skeletal warrior (D:14)
  2 bog bodies (IceCv)
  An orc knight (Orc:2)
  A phantasmal warrior (D:14)
  6 ugly things
  A deep elf pyromancer (D:13)
  6 orc sorcerers (Orc:2)
  2 cyclopes
  A wolf spider (Lair:3)
  A slime creature (D:13)
  A manticore (D:14)
  2 elephants (Lair:6)
  2 centaur zombies (D:14)
  A black mamba (Lair:6)
  A cane toad (Lair:1)
  An unseen horror (D:13)
  4 rime drakes
  An anaconda simulacrum (IceCv)
  8 komodo dragons
  2 freezing wraiths (D:14)
  2 trolls
  9 blink frogs
  2 dream sheep (Lair:6)
  A shadow (D:13)
  A wyvern (Lair:4)
  2 wraiths
  A vampire (D:12)
  15 yaks
  A basilisk (Lair:3)
  2 death yak simulacra (IceCv)
  An acid dragon (D:11)
  2 wargs (Orc:2)
  3 water moccasins
  10 orc warriors
  A hornet zombie (D:14)
  A black bear (D:7)
  A wolf (Lair:1)
  2 ogres (Orc:2)
  A bullfrog (Lair:3)
  2 two-headed ogre simulacra (IceCv)
  2 elephant simulacra (IceCv)
  2 killer bees (D:11)
  An electric eel (Lair:3)
  5 orc priests (Orc:2)
  A centaur skeleton (D:7)
  15 orc wizards
  2 hell rats (Lair:5)
  A polar bear simulacrum (IceCv)
  2 gnolls (Orc:2)
  2 adders (Lair:3)
  A white imp (IceCv)
  2 ufetubi (IceCv)
  18 orcs
172 creatures vanquished.

Vanquished Creatures (others)
  A flayed ghost (IceCv)
  A phantasmal warrior (D:14)
  6 flying skulls
  A vampire (Lair:6)
  2 wraiths
  3 wights (Lair:6)
  A death yak zombie (Lair:6)
  An orc wizard (Orc:2)
  A hydra zombie (Lair:6)
  A catoblepas zombie (Lair:6)
  2 mummies
  4 elephant zombies
  2 black mamba zombies
  9 blink frog zombies
  4 dream sheep zombies (Lair:6)
  2 rime drake zombies
  A water moccasin zombie (Lair:2)
  2 cane toad zombies
  3 komodo dragon zombies
  2 basilisk zombies (Lair:1)
  3 adder zombies (Lair:3)
  3 bullfrog zombies (Lair:1)
  A gnoll zombie (Orc:2)
  A killer bee zombie (D:7)
  An ogre skeleton (D:7)
  An ogre zombie (Orc:2)
  14 orc zombies
  4 wolf zombies (Lair:1)
  12 yak zombies
  107 fungi
  162 plants
358 creatures vanquished.

Grand Total: 1055 creatures vanquished

Notes
Turn   | Place    | Note
-------+----------+-------------------------------------------
     0 | D:1      | AarnesTheHuman the Formicid Fighter began the quest for the
                  | Orb.
     0 | D:1      | Reached XP level 1. HP: 18/18 MP: 1/1
   170 | D:1      | Reached XP level 2. HP: 24/24 MP: 2/2
   541 | D:1      | Reached XP level 3. HP: 29/29 MP: 3/3
   556 | D:1      | Reached skill level 4 in Shields
  1230 | D:2      | Found a burning altar of Makhleb.
  1504 | D:2      | Found a faded altar of an unknown god.
  1697 | D:2      | Reached XP level 4. HP: 36/37 MP: 4/4
  2362 | D:2      | Reached XP level 5. HP: 33/42 MP: 5/5
  2540 | D:3      | Found an opulent altar of Gozag.
  2979 | D:4      | Noticed a centaur
  3264 | D:4      | Noticed an ogre
  3434 | D:3      | Killed an ogre
  3435 | D:3      | Reached skill level 5 in Shields
  3435 | D:3      | Reached XP level 6. HP: 16/49 MP: 6/6
  3651 | D:4      | Identified a scroll of acquirement
  3715 | D:4      | Reached XP level 7. HP: 25/55 MP: 7/7
  4166 | D:4      | Reached skill level 5 in Fighting
  4166 | D:4      | Reached skill level 5 in Armour
  4770 | D:4      | Noticed Grinder
  4795 | D:4      | Killed Grinder
  4796 | D:4      | Reached skill level 5 in Staves
  4796 | D:4      | Reached skill level 6 in Shields
  4796 | D:4      | Reached XP level 8. HP: 38/64 MP: 8/8
  4931 | D:4      | Found a shadowy altar of Dithmenos.
  4932 | D:4      | Noticed Edmund
  4941 | D:4      | Killed Edmund
  5456 | D:5      | Entered Level 5 of the Dungeon
  5547 | D:4      | Reached skill level 7 in Shields
  5697 | D:4      | Reached XP level 9. HP: 65/71 MP: 9/9
  6530 | D:6      | Found a staircase to the Ecumenical Temple.
  6532 | D:6      | Noticed Duvessa
  6538 | D:6      | Noticed Dowan
  6611 | D:5      | Reached skill level 8 in Shields
  7077 | D:6      | Killed Duvessa
  7137 | D:6      | Killed Dowan
  7141 | Temple   | Entered the Ecumenical Temple
  7488 | Temple   | Became a worshipper of Yredelemnul the Dark
  7662 | D:6      | Found a stormy altar of Qazlal.
  7690 | D:6      | Reached skill level 1 in Invocations
  7690 | D:6      | Reached XP level 10. HP: 76/80 MP: 10/10
  7936 | D:6      | Reached skill level 9 in Shields
  8017 | D:6      | HP: 4/80 [ogre (12)]
  8853 | D:7      | Identified the +6 battleaxe of the Final Decision {flame,
                  | rPois rN+ Str+6}
  8853 | D:7      | Identified the +8 falchion "Ytoech" {distort, Dex+6}
  8887 | D:7      | Reached skill level 10 in Staves
  8894 | D:7      | Reached * piety under Yredelemnul
  9473 | D:7      | Reached skill level 5 in Invocations
  9476 | D:7      | Noticed a cyclops
  9482 | D:7      | Killed a cyclops
  9502 | D:7      | Noticed a white ugly thing
  9628 | D:7      | Killed a white ugly thing
  9629 | D:7      | Reached XP level 11. HP: 53/89 MP: 16/16
  9790 | D:7      | Noticed a manticore
  9802 | D:7      | Killed a manticore
 10088 | D:7      | Reached skill level 5 in Axes
 10489 | D:7      | Identified the +1 pair of boots of Qyam {rC+ Str-3 Int+4}
 10866 | D:8      | You fall into a shaft and drop 2 floors!
 10866 | D:10     | Entered Level 10 of the Dungeon
 10866 | D:10     | Noticed Fannar
 10873 | D:10     | Killed Fannar
 10936 | D:10     | Found a staircase to the Orcish Mines.
 11070 | D:10     | Noticed a sun demon
 11071 | D:10     | Noticed a sixfirhy
 11075 | D:10     | Reached ** piety under Yredelemnul
 11400 | D:10     | Noticed Nergalle
 11409 | D:10     | Killed Nergalle
 11610 | D:10     | Found a sacrificial altar of Ru.
 11610 | D:10     | Found a white marble altar of Elyvilon.
 11618 | D:10     | Found an iron altar of Okawaru.
 11620 | D:10     | Found a broken altar of Ashenzari.
 11622 | D:10     | Found a hide-covered altar of Uskayaw.
 11769 | D:10     | Noticed a two-headed ogre
 11778 | D:10     | Killed a two-headed ogre
 12159 | D:9      | Noticed Maggie
 12172 | D:9      | Killed Maggie
 12233 | D:9      | Found an ornate altar of the Wu Jian Council.
 12295 | D:9      | Reached skill level 1 in Stealth
 12441 | D:9      | Found a snail-covered altar of Cheibriados.
 12571 | D:9      | Noticed Erolcha
 12575 | D:9      | Killed Erolcha
 12576 | D:9      | Reached XP level 12. HP: 94/96 MP: 17/17
 12593 | D:9      | Found a runed translucent door.
 12594 | D:9      | Noticed TheNamelessOne's ghost (novice OpWn)
 12757 | D:9      | Found a glowing silver altar of Zin.
 13247 | D:8      | Found a sparkling altar of Nemelex Xobeh.
 13741 | D:8      | Found a staircase to the Lair.
 13889 | D:8      | Found a bloodstained altar of Trog.
 14591 | Lair:1   | Entered Level 1 of the Lair of Beasts
 14633 | Lair:1   | Reached skill level 10 in Fighting
 15307 | Lair:1   | Reached skill level 10 in Axes
 16252 | Lair:1   | Reached *** piety under Yredelemnul
 16355 | Lair:2   | Noticed a six-headed hydra
 16508 | Lair:1   | HP: 1/99 [four-headed hydra (10)]
 16510 | Lair:1   | Killed a three-headed hydra
 16814 | Lair:1   | Reached skill level 10 in Invocations
 16817 | Lair:2   | Reached XP level 13. HP: 104/106 MP: 20/20
 16872 | Lair:2   | Found a staircase to the Snake Pit.
 17308 | Lair:2   | Noticed Urug
 17316 | Lair:2   | Killed Urug
 17356 | Lair:2   | Noticed a five-headed hydra
 17365 | Lair:2   | Killed a two-headed hydra
 17376 | Lair:2   | Noticed an eight-headed hydra
 17382 | Lair:2   | Killed a five-headed hydra
 17920 | Lair:3   | Reached skill level 10 in Shields
 18575 | Lair:3   | Found a staircase to the Shoals.
 18855 | Lair:3   | Reached **** piety under Yredelemnul
 19623 | Lair:4   | Reached skill level 11 in Shields
 20106 | Lair:4   | Noticed a seven-headed hydra
 20114 | Lair:4   | Killed a two-headed hydra
 20115 | Lair:4   | Reached skill level 12 in Shields
 20306 | Lair:4   | Noticed an eight-headed hydra
 20313 | Lair:4   | Killed a five-headed hydra
 20474 | Lair:4   | Received a gift from Yredelemnul (a mummy)
 21149 | Lair:5   | Reached XP level 14. HP: 113/113 MP: 23/23
 21224 | Lair:5   | Reached skill level 13 in Shields
 22317 | Lair:6   | Entered Level 6 of the Lair of Beasts
 22402 | Lair:6   | Reached skill level 14 in Shields
 22559 | Lair:6   | Reached ***** piety under Yredelemnul
 22812 | Lair:6   | Received a gift from Yredelemnul (a mummy)
 22812 | Lair:6   | Reached skill level 15 in Shields
 23208 | Lair:6   | Received a gift from Yredelemnul (a wight)
 23224 | Lair:6   | Received a gift from Yredelemnul (a wight)
 23234 | Lair:6   | Received a gift from Yredelemnul (a vampire)
 23651 | Lair:6   | Received a gift from Yredelemnul (4 flying skulls)
 23909 | Lair:6   | Received a gift from Yredelemnul (a wight)
 23974 | Lair:6   | Reached XP level 15. HP: 111/118 MP: 24/24
 24237 | Lair:6   | Identified the ring "Optiramm" {Fly Str+7 Slay-3 SInv}
 24355 | Lair:6   | Found a runed translucent door.
 24355 | Lair:6   | Found a viscous altar of Jiyva.
 24356 | Lair:6   | Found a staircase to the Slime Pits.
 24356 | Lair:6   | Noticed an azure jelly
 24823 | D:11     | Found a frozen archway.
 24831 | D:11     | Noticed Grum
 24837 | D:11     | Killed Grum
 24855 | IceCv    | Entered an ice cave
 24866 | IceCv    | Received a gift from Yredelemnul (a wraith)
 25048 | IceCv    | Received a gift from Yredelemnul (a wraith)
 25154 | IceCv    | Received a gift from Yredelemnul (3 flying skulls)
 25293 | IceCv    | Reached ****** piety under Yredelemnul
 25294 | IceCv    | Received a gift from Yredelemnul (a flayed ghost)
 25547 | IceCv    | Received a gift from Yredelemnul (a skeletal warrior)
 25630 | IceCv    | Identified the +2 pair of gloves of the Pits of Slime
                  | {Regen+ Dex-5 SInv}
 25751 | IceCv    | Received a gift from Yredelemnul (a phantasmal warrior)
 26628 | D:12     | Received a gift from Yredelemnul (a wraith)
 26805 | D:12     | Noticed Snorg
 26811 | D:12     | Killed Snorg
 26944 | D:12     | Found a gateway to a bazaar.
 27074 | Bazaar   | Entered a bazaar
 27080 | Bazaar   | Found Yshretorph's Magic Scroll Emporium.
 27080 | Bazaar   | Found Ihode's Jewellery Shoppe.
 27088 | Bazaar   | Got the Grimoire of the Voyage
 27094 | Bazaar   | Bought the ring "Voepp" {rElec rF+ Str+4 SInv} for 621 gold
                  | pieces
 27094 | Bazaar   | Bought the ring of Zubbat {rN+ Will++ rCorr Slay+2} for 672
                  | gold pieces
 27096 | Bazaar   | Bought a scroll of brand weapon for 340 gold pieces
 27343 | Orc:1    | Entered Level 1 of the Orcish Mines
 27560 | Orc:1    | Received a gift from Yredelemnul (a vampire)
 28078 | Orc:2    | Entered Level 2 of the Orcish Mines
 28084 | Orc:2    | Received a gift from Yredelemnul (a ghoul)
 28099 | Orc:2    | Reached skill level 10 in Armour
 28100 | Orc:2    | Received a gift from Yredelemnul (a vampire knight)
 28105 | Orc:2    | Noticed Saint Roka
 28109 | Orc:2    | Received a gift from Yredelemnul (a bone dragon)
 28117 | Orc:2    | Received a gift from Yredelemnul (a profane servitor)
 28204 | Orc:2    | Killed Saint Roka
 28269 | Orc:2    | Found a staircase to the Elven Halls.
 28396 | Orc:2    | Found Zykiabu's Distillery.
 28439 | Orc:2    | Found an ancient bone altar of Kikubaaqudgha.
 28452 | Orc:2    | Found Weraesk's Magic Scroll Boutique.
 28470 | Orc:2    | Found a radiant altar of Vehumet.
 28553 | Orc:2    | Found Zynafoeph's Jewellery Shop.
 28562 | Orc:2    | Found Robeann's Antique Armour Boutique.
 29607 | D:13     | Reached XP level 16. HP: 117/127 MP: 26/26
 29610 | D:13     | Received a gift from Yredelemnul (a ghoul)
 29911 | D:14     | Found a gate to the Vaults.
 29922 | D:14     | Received a gift from Yredelemnul (a flayed ghost)
 29922 | D:14     | Noticed Nessos
 29932 | D:14     | Shot with an arrow by Nessos

Illustrated notes

Levels and vault maps discovered:
D:1:      nzn_arrival_depleted_hourglass, layout_loops_corners,
          serial_bayou_lagoon_b
D:2:      layout_loops_ring, basic_altar, chequers_ecumenical_altar_grove,
          nrook_uturn
D:3:      layout_basic, mainiacjoe_overflow_catwalk
D:4:      layout_cave_pods, mainiacjoe_overflow_six_doors_small,
          minmay_manual_mess, uniq_edmund, uniq_grinder
D:5:      layout_rooms
D:6:      layout_loops_cross, nicolae_overflow_hidden_temple,
          minmay_temple_entry_overgrown, minmay_alternating_orb, uniq_duvessa
D:7:      minmay_the_grid_octo_triangle [minmay_the_grid_octo_focus,
          minmay_the_grid_octo_prize_ultimate_mussel_roller,
          minmay_the_grid_octo_checkerflower], layout_rooms
D:8:      minmay_razor_zed, layout_gridville, mainiacjoe_overflow_alcove_4,
          nemelex_xobeh_ov_fountains_minmay, david_lair_shrubbed, nicolae_wwwww,
          grunt_decor_clamped, hangedman_decor_push
D:9:      layout_stronghold, nicolae_wu_jian_wuxing_cycle,
          grunt_temple_overflow_open, ebering_ghost_reflecting_pool,
          serial_bayou_pond_d, serial_park_tiny_1, uniq_erolcha, uniq_maggie
D:10:     layout_long_grid, chequers_temple_overflow_minitemple, orc_0_dummy,
          uniq_nergalle, uniq_fannar
D:11:     layout_rooms, portal_ice_cave_entry_pillars_2, uniq_grum
D:12:     layout_roguey, serial_shops, statue_bzr,
          amcnicky_mini_rare_corridor_liquid, uniq_snorg
D:13:     layout_cave_pools, skrybe_limestone_x, the_hattery
D:14:     layout_long_grid, david_vaults_2, serial_undead, serial_undead_d,
          serial_undead_b, serial_undead_b, serial_undead_a,
          nicolae_ru_awakened_eye, kennysheep_generic_room_9, uniq_nessos
Temple:   compressed_dpeg_triangle_lava_temple
Lair:1:   layout_regular_city, eino_small_chamber_without_monster
Lair:2:   layout_roguey, minmay_snake_entry_spellcaster,
          chequers_serial_rivers_micro_b, nicolae_quartered_pool_little,
          uniq_urug
Lair:3:   minmay_lair_venomous_thicket, layout_concentric_octagons,
          minmay_shoals_entry_beasts, serial_bayou_shore_a, grunt_megastairs_1
Lair:4:   layout_cave_pods, grunt_megastairs_3
Lair:5:   layout_layer_cave, grunt_megastairs_4, infiniplex_staircase_pool_2,
          minmay_lair_oklob_chamber
Lair:6:   evilmike_catoblepas_cave, layout_hall_layers, slime_altar_2
Orc:1:    minmay_goldmine, layout_caves, nicolae_orc_stony_grotto,
          lightli_orcish_oven
Orc:2:    kennysheep_orc_mage_school, layout_diamond_mine, uniq_saint_roka

Skill      XL: |  1  2  3  4  5  6  7  8  9 10 11 12 13 14 15 16 |
---------------+-------------------------------------------------+-----
Shields        | 4 5 6 7 8 9 12 15 | 15.0
Armour         | 4 5 6 7 8 9 10 | 10.0
Fighting       | 4 5 6 7 9 11 12 | 12.2
Staves         | 3 5 6 8 10 | 10.0
Invocations    | 1 7 10 12 13 14 | 14.6
Axes           | 2 9 10 11 12 13 14 | 14.0
Stealth        | 2 |  2.9

Action                   |  1- 3 |  4- 6 |  7- 9 | 10-12 | 13-15 | 16-18 || total
-------------------------+-------+-------+-------+-------+-------+-------++-------
Melee: Quarterstaff      |   105 |    85 |   273 |   180 |       |       ||   643
       Battleaxe         |       |       |       |   330 |   699 |    23 ||  1052
 Fire: Hunting sling     |       |       |       |    15 |     4 |       ||    19
Invok: Animate Remains   |       |       |       |    34 |       |       ||    34
       Recall Undead Sla |       |       |       |     2 |     8 |       ||    10
       Animate Dead      |       |       |       |     2 |    62 |       ||    64
 Abil: Dig               |       |       |       |     5 |     5 |       ||    10
Evoke: Condenser vane    |       |       |       |     1 |       |       ||     1
  Use: Scroll            |       |     6 |     1 |    12 |     7 |       ||    26
       Potion            |       |       |       |     3 |       |       ||     3
 Stab: Distracted        |       |       |       |     2 |    10 |     2 ||    14
Armor: Scale mail        |    26 |    44 |   114 |   148 |   203 |       ||   535
       Plate armour      |       |       |       |       |       |     9 ||     9
Dodge: Dodged            |    29 |    38 |   109 |   121 |   155 |    11 ||   463
Block: Kite shield       |    47 |    71 |   215 |   263 |       |       ||   596
       Tower shield      |       |       |       |    75 |   671 |    37 ||   783
